 Dungeon Crawl Stone Soup version 0.31-a0-150-g89dc3ad700 (webtiles) character file.

Game seed: 2173156342807788734

82 Pooter the Chopper (level 4, -13/40 HPs)
             Began as a Minotaur Berserker on June 9, 2023.
             Was a Follower of Trog.
             Engulfed by a cloud of flame (17 damage)
             ... on level 1 of the Dungeon.
             The game lasted 00:06:02 (1192 turns).

Pooter the Chopper (Minotaur Berserker)             Turns: 1192, Time: 00:06:03

Health: -13/40     AC:  8    Str: 23    XL:     4   Next: 21%
Magic:  3/3        EV: 10    Int:  4    God:    Trog [*.....]
Gold:   55         SH:  0    Dex: 10    Spells: 3/3 levels left

rFire   . . .        a - +0 hand axe
rCold   . . .        (no shield)
rNeg    . . .        h - +0 scale mail
rPois   .            (helmet restricted)
rElec   .            (no cloak)
rCorr   .            e - +1 pair of gloves
SInv    .            (no boots)
Will    .....        (no amulet) Stlth
                     (no ring)
HPRegen 0.26/turn    (no ring)
MPRegen 0.08/turn

%: no passive effects
@: on berserk cooldown, slowed, very slow
A: horns 2, retaliatory headbutt
a: Renounce Religion, Berserk


You were on level 1 of the Dungeon.
You worshipped Trog.
Trog was aware of your devotion.
You visited 1 branch of the dungeon, and saw 2 of its levels.

You collected 55 gold pieces.

Inventory:

Hand Weapons
 a - a +0 hand axe (weapon)
Missiles
 g - 6 poisoned darts (quivered)
 Q - 8 stones
Armour
 e - a +1 pair of gloves (worn)
   (You found it on level 2 of the Dungeon)
 h - a +0 scale mail (worn)
   (You found it on level 1 of the Dungeon)
Scrolls
 f - 2 scrolls of identify {unknown}
Potions
 c - 2 potions of curing {unknown}
 d - 3 potions of heal wounds {unknown}


   Skills:
 + Level 4.2 Fighting
 * Level 4.8 Axes
 - Level 2.4 Armour
 - Level 2.1 Dodging
 * Level 2.0 Stealth


You had 3 spell levels left.
You didn't know any spells.
Your spell library was empty.

Dungeon Overview and Level Annotations

Branches:
Dungeon (2/15)

Altars:


Innate Abilities, Weirdness & Mutations

You have a pair of horns on your head.
You reflexively headbutt those who attack you in melee.


Message History

You finish putting on your +0 scale mail.
You drop a +0 animal skin.
Really walk into a travel-excluded area? [Y]es or [N]o only, please.
Really walk into a travel-excluded area? [Y]es or [N]o only, please.
Really walk into a travel-excluded area?
Okay, then.
Unknown command.
Really walk into a travel-excluded area?
Really walk into that cloud of flame?
Okay, then.
A red film seems to cover your vision as you go berserk!
You feel yourself moving faster!
You feel mighty!
Really walk into that cloud of flame?
You feel a strong urge to attack something.
You are engulfed in blazing flames.
You see here 11 gold pieces.
You now have 55 gold pieces (gained 11).
You are engulfed in blazing flames.
You feel your anger nearly subside.
You are no longer berserk.
You are exhausted.
You feel yourself slow down.
You start resting.
You feel yourself speed up.
You start resting.
You recover from your berserk rage.
You start resting.
You start waiting.
A goblin is nearby!
The goblin shouts!
A red film seems to cover your vision as you go berserk!
You feel yourself moving faster!
You feel mighty!
Really walk into a travel-excluded area?
You feel a strong urge to attack something.
Really walk into that cloud of flame?
You are engulfed in blazing flames.
You feel your anger nearly subside.
You are engulfed in blazing flames.
You are no longer berserk.
You are exhausted.
You feel yourself slow down.
You are engulfed in blazing flames.
Ouch! That really hurt!
* * * LOW HITPOINT WARNING * * *
The goblin hits you but does no damage. x2
Unknown command.
You hit the goblin.
You are engulfed in blazing flames.
You die...

#.#####.#.#....:..# #. #..##
#.#........## #. #...#
#####.####.# #. #○°°#
#.....##.# #. #.☼§#
##..#.##.######. #○§§#
#...PP.....†....
######...#####..P♣.P.........
#.§○..[...○§☼....P.....#####.
#.°☼§.....§○@g.P♣_P...## #.
#.§°☼...[.°§§.#..♣.P..######.
######...#######.PP..........
#○☼☼# #############. #○☼°# ##
#§°°# # #...# # #####


You could see a goblin.

Vanquished Creatures
  Natasha (twice) (D:2)
  A worm (D:2)
  4 bats
  3 endoplasms
  3 giant cockroaches (D:1)
  3 hobgoblins
  3 kobolds
  3 quokkas
  2 ball pythons
  3 rats
27 creatures vanquished.

Vanquished Creatures (others)
  A ball python (D:1)
  An endoplasm (D:1)
2 creatures vanquished.

Grand Total: 29 creatures vanquished

Notes
Turn   | Place    | Note
-------+----------+-------------------------------------------
     0 | D:1      | Pooter the Minotaur Berserker began the quest for the Orb.
     0 | D:1      | Reached XP level 1. HP: 19/19 MP: 0/0
    90 | D:1      | Found a faded altar of an unknown god.
   192 | D:1      | Reached XP level 2. HP: 26/27 MP: 1/1
   294 | D:1      | Reached skill level 1 in Stealth
   344 | D:1      | You fall into a shaft and drop 1 floor!
   388 | D:2      | Noticed Natasha
   404 | D:2      | Killed Natasha
   405 | D:2      | Reached XP level 3. HP: 33/33 MP: 2/2
   424 | D:2      | Noticed Natasha
   435 | D:2      | Killed Natasha
   436 | D:2      | Reached XP level 4. HP: 40/40 MP: 3/3
  1192 | D:1      | Engulfed by a cloud of flame

Illustrated notes

Levels and vault maps discovered:
D:1:      roderic_octagonal_star, layout_loops_ring,
          ebering_ecumenical_altar_petrified, corexii_item_surrounded_by_moat,
          columned_hall_lemuel, hex_large, lemuel_flame_loot_1
D:2:      layout_basic, fountainhead, uniq_natasha

Skill      XL: |  1  2  3  4 |
---------------+-------------+-----
Axes           | 4 |  4.8
Stealth        | 1 2 |  2.0
Fighting       | 4 |  4.2
Armour         | |  2.4
Dodging        | |  2.1

Action                     |  1- 3 |  4- 6 || total
---------------------------+-------+-------++-------
  Melee: Hand axe          |    34 |    17 ||    51
         Headbutt          |     6 |     1 ||     7
  Throw: Dart              |       |     1 ||     1
 Invoke: Berserk           |     1 |     3 ||     4
   Stab: Sleeping          |     1 |       ||     1
 Armour: Animal skin       |     6 |     2 ||     8
         Scale mail        |       |     2 ||     2
  Dodge: Dodged            |    24 |     9 ||    33

Table legend: (Time is in decaauts)
 A = Elapsed time spent in this place.
 B = Non-inter-level travel time spent in this place.
 C = Inter-level travel time spent in this place.
 D = Time resting spent in this place.
 E = Time spent auto-exploring this place.
 F = Levels seen in this place.
 G = Mean time per level.
                   A        B        C        D        E       F      G
               +--------+--------+--------+--------+--------+-----+--------+
         Total |   1226 |   1226 |      0 |    202 |    780 |   2 |  613.0 |
       Dungeon |   1226 |   1226 |      0 |    202 |    780 |   2 |  613.0 |
               +--------+--------+--------+--------+--------+-----+--------+

Top non-repeatable levels by time:
     D:1: 1017 daAuts
     D:2: 209 daAuts
